 Dungeon Crawl Stone Soup version 0.23-a0-650-ga4d50d4 (webtiles) character file.

751 Amnesiac the Digger (level 7, 28/28 HPs)
             Began as a Felid Earth Elementalist on Jan 4, 2019.
             Was a Follower of Ashenzari.
             Quit the game on level 6 of the Dungeon.
             The game lasted 00:14:44 (6437 turns).

Amnesiac the Digger (Felid Earth Elementalist)      Turns: 6437, Time: 00:14:45

Health: 28/28      AC:  2    Str:  4    XL:     7   Next: 49%
Magic:  15/15      EV: 19    Int: 18    God:    Ashenzari [*.....]
Gold:   220        SH:  0    Dex: 17    Spells: 1/16 levels left
                                        Lives:  1   Deaths: 1

rFire    . . .     SeeInvis +     - Unarmed
rCold    . . .     Gourm    .   (shield unavailable)
rNeg     . . .     Faith    .   (armour unavailable)
rPois    .         Spirit   .   (helmet unavailable)
rElec    .         Reflect  .   (cloak unavailable)
rCorr    .         Harm     .   (gloves unavailable)
MR       +....                  (boots unavailable)
Stlth    +++.......             r - amulet of rage (curse)
HPRegen  0.09/turn              (no ring)
MPRegen  0.14/turn              (no ring)

@: quick
A: very small, no armour, no weapons or thrown items, stealth, claws 1, fangs 3,
see invisible, carnivore, speed 1, shaggy fur 2, slow metabolism 1, sharp paws
a: Curse Item, Scrying, Renounce Religion, Evoke Berserk Rage


You were on level 6 of the Dungeon.
You worshipped Ashenzari.
Ashenzari was aware of your devotion.
You were not hungry.

You visited 2 branches of the dungeon, and saw 7 of its levels.
You also visited: Ossuary.

You collected 220 gold pieces.

Inventory:

Jewellery
 r - a cursed amulet of rage (around neck)
Scrolls
 a - a scroll of fog {!r, unknown}
 e - 3 scrolls of enchant armour {!r, unknown}
 f - 5 scrolls of identify {!r, unknown}
 g - 2 scrolls of remove curse {!r}
 k - a scroll of amnesia {!r, unknown}
 n - 3 scrolls of teleportation {!r, unknown}
 t - 2 scrolls of immolation {!r, unknown}
 v - a scroll of blinking {!r, unknown}
 x - a scroll of enchant weapon {!r, unknown}
Potions
 d - 2 potions of might {!q}
 h - a potion of ambrosia {!q, unknown}
 i - a potion of brilliance {!q, unknown}
 j - 2 potions of flight {!q, unknown}
 l - a potion of magic {!q, unknown}
 m - 3 potions of heal wounds {!q, unknown}
 o - 2 potions of haste {!q, unknown}
 p - 9 potions of curing {!q, unknown}
 q - a potion of lignification {!q, unknown}
 s - a potion of mutation {!q, unknown}
 u - a potion of degeneration {!q, unknown}
 w - a potion of invisibility {!q}
 z - a potion of cancellation {!q, unknown}
Comestibles
 c - 12 rations


   Skills:
 - Level 1.0 Fighting
 + Level 3.4 Dodging
 - Level 4.0 Stealth
 - Level 4.0 Unarmed Combat
 + Level 5.2 Spellcasting
 - Level 1.1 Transmutations
 * Level 7.4 Earth Magic


You had one spell level left.
You knew the following spells:

 Your Spells              Type           Power        Failure   Level  Hunger
a - Stone Arrow           Conj/Erth      ###...       9%          3    ##.....
b - Passwall              Tmut/Erth      ###.....     3%          2    #......
c - Sandblast             Erth           ####..       1%          1    None
d - Lee's Rapid Deconstr  Erth           ####......   17%         5    ######.
e - Petrify               Tmut/Erth      ###.....     22%         4    ####...

Your spell library contained the following spells:

 Spells                   Type           Power        Failure   Level  Hunger


Dungeon Overview and Level Annotations

Branches:
Dungeon (6/15)             Temple (1/1) D:4

Altars:
Ashenzari
Cheibriados
Dithmenos
Elyvilon
Fedhas
Gozag
Hepliaklqana
Makhleb
Okawaru
Qazlal
Ru
Sif Muna
Trog
Uskayaw
Vehumet
Wu Jian
Xom
Zin
The Shining One


Innate Abilities, Weirdness & Mutations

You cannot wear armour.
You are incapable of wielding weapons or throwing items.
Your paws allow you to move quietly. (Stealth)
You have sharp claws.
You have razor-sharp teeth.
You have supernaturally acute eyesight. (SInv)
You are carnivorous and can eat meat at any time.
You cover ground quickly.
You are covered in thick fur. (AC +2)
You have a slow metabolism.
Your sharp claws are effective at attacking unaware monsters.


Message History

The orc wizard is moderately wounded.
You feel a bit more experienced.
You hear a shout! x2
Unknown command.
The orc wizard points at you and mumbles some strange words.
The magic dart hits you! The orc wizard completely misses you.
You closely miss the orc wizard.
The orc wizard is moderately wounded.
An orc wizard comes into view. It is wielding a +0 dagger.
The orc wizard barely misses you.
Casting: Lee's Rapid Deconstruction (quite dangerous; 17% risk of failure)
Confirm with . or Enter, or press ? or * to list all spells.
Aiming: Lee's Rapid Deconstruction (quite dangerous; 17% risk of failure)
Press: ? - help, Dir - move target cursor A rock wall.
The wall shatters!
The blast of rock fragments hits the orc wizard.
The orc wizard is heavily wounded.
The blast of rock fragments hits the orc.
The orc is severely wounded.
The blast of rock fragments hits the orc wizard.
The orc wizard is almost dead.
The orc wizard shouts!
The orc wizard completely misses you.
You scratch the orc wizard.
The orc wizard is severely wounded.
The orc completely misses you.
The orc wizard hits you but does no damage.
You barely miss the orc wizard.
The orc wizard is severely wounded.
The orc completely misses you.
The orc wizard hits you with a +0 dagger.
You scratch the orc wizard.
The orc wizard is almost dead.
The orc hits you from afar with a +0 trident.
An orc wizard comes into view. It is wielding a +0 dagger.
The orc wizard gestures wildly while chanting.
The orc wizard seems to speed up.
The orc wizard casts a spell at you. The puff of flame hits you!
* * * LOW HITPOINT WARNING * * *
The orc wizard shouts!
You scratch the orc wizard but do no damage.
The orc wizard is almost dead.
You scratch the orc wizard.
You kill the orc wizard!
The orc wizard looks braver for a moment.
You aren't carrying any items that you can evoke.
Really quaff
d - 3 murky blue potions {!q}?
It was a potion of might {!q}.
You feel very mighty all of a sudden. The orc wizard casts a spell at you.
The puff of frost hits you!
You die...
You are now level 7!
You rejoin the land of the living...
Found 29 bolts.
You can't grasp things well enough to throw them.
Unknown command.
Save game and exit?
Okay, then.
You can't grasp things well enough to throw them.
Are you sure you want to abandon this character and quit the game? (Confirm

#......# ##'##### #.#
#.# ## ## #.# #. .#
#.#########.##.#
#..............#+###
#.#########........#
#.........#.@......#
#.#######.#......(.#
#####.####............##
......................#
#####..........########
#######.........
......+.........
#######.^....... #...#
#.........


There were no monsters in sight!

Vanquished Creatures
  A hippogriff (D:4)
  Sigmund (D:3)
  A black bear (D:3)
  A necrophage (D:5)
  A bullfrog (D:6)
  2 water moccasin zombies (Ossuary)
  A water moccasin skeleton (D:5)
  A scorpion (D:5)
  A crimson imp (D:6)
  A hound (D:6)
  An orc priest (D:5)
  Crazy Yiuf (D:2)
  Natasha (thrice) (D:2)
  4 iguanas
  A centaur skeleton (D:5)
  2 orc wizards
  A worker ant (D:4)
  3 big kobold zombies (Ossuary)
  2 mummies (Ossuary)
  9 adders
  2 oozes
  3 adder zombies (Ossuary)
  4 worms (D:3)
  A dart slug (D:1)
  A leopard gecko (D:5)
  11 orcs
  2 giant cockroaches (D:1)
  6 hobgoblins
  9 jackals
  3 quokkas
  5 bats
  2 frilled lizards (D:1)
  6 goblins
  2 hobgoblin zombies (Ossuary)
  9 kobolds
  7 kobold zombies (Ossuary)
  8 orc zombies (Ossuary)
  13 rats
132 creatures vanquished.

Notes
Turn   | Place    | Note
-------+----------+-------------------------------------------
     0 | D:1      | Amnesiac the Felid Earth Elementalist began the quest for
                  | the Orb.
     0 | D:1      | Reached XP level 1. HP: 7/7 MP: 4/4
   565 | D:2      | Noticed Natasha
   580 | D:2      | Killed Natasha
   580 | D:2      | Reached skill level 1 in Fighting
   580 | D:2      | Reached skill level 3 in Earth Magic
   580 | D:2      | Reached XP level 2. HP: 12/12 MP: 0/6
   580 | D:2      | Reached XP level 3. HP: 15/15 MP: 0/7
   665 | D:3      | Noticed Sigmund
   665 | D:3      | Noticed a black bear
   689 | D:2      | Found a faded altar of an unknown god.
   868 | D:2      | Noticed Natasha
   953 | D:2      | Killed Natasha
   953 | D:2      | Reached XP level 4. HP: 19/19 MP: 5/9
   967 | D:2      | Found a glowing silver altar of Zin.
   971 | D:2      | Found a deep blue altar of Sif Muna.
  1079 | D:2      | Found a runed door.
  1083 | D:2      | Noticed Crazy Yiuf
  1119 | D:2      | Killed Crazy Yiuf
  1119 | D:2      | Reached skill level 4 in Earth Magic
  1185 | D:2      | Found a white marble altar of Elyvilon.
  1466 | D:3      | Learned a level 2 spell: Passwall
  1471 | D:3      | Learned a level 4 spell: Petrify
  1604 | D:4      | Reached XP level 5. HP: 12/22 MP: 10/10
  1713 | D:4      | Noticed a hippogriff
  1736 | D:4      | Killed a hippogriff
  1736 | D:4      | Reached skill level 1 in Unarmed Combat
  1736 | D:4      | Gained mutation: You are covered in thick fur. (AC +2)
                  | [Felid growth]
  1736 | D:4      | Reached XP level 6. HP: 24/25 MP: 6/12
  1803 | D:4      | Found a stormy altar of Qazlal.
  1876 | D:4      | Found a staircase to the Ecumenical Temple.
  1886 | Temple   | Entered the Ecumenical Temple
  2050 | Temple   | Became a worshipper of Ashenzari the Shackled
  2109 | D:3      | Reached skill level 5 in Earth Magic
  2239 | D:2      | Noticed Natasha
  2243 | D:2      | Killed Natasha
  3436 | D:3      | Reached XP level 7. HP: 20/28 MP: 9/13
  3443 | D:3      | Learned a level 5 spell: Lee's Rapid Deconstruction
  4012 | D:3      | Killed Sigmund
  4124 | D:4      | Reached skill level 6 in Earth Magic
  4149 | D:4      | Reached * piety under Ashenzari
  4379 | D:5      | Entered Level 5 of the Dungeon
  4787 | D:5      | Found a sand-covered staircase.
  4854 | Ossuary  | Entered an ossuary
  5506 | Ossuary  | Reached XP level 8. HP: 31/32 MP: 11/15
  5896 | D:5      | Reached skill level 7 in Earth Magic
  6059 | D:6      | Reached skill level 5 in Spellcasting
  6310 | D:6      | Learned a level 3 spell: Stone Arrow
  6436 | D:6      | Killed from afar by an orc wizard
  6437 | D:6      | Reached XP level 7. HP: -3/28 MP: 3/15
  6437 | D:6      | Quit the game

Vault maps used:
D:1:      giann_horns
D:2:      old_standard_altar, minitemple, first_ration,
          chequers_ecumenical_altar_simple_redux, uniq_crazy_yiuf_cottage,
          uniq_natasha
D:3:      kennysheep_big_flooded_room, uniq_sigmund
D:4:      minmay_temple_entry_glass, nicolae_qazlal_eye_of_the_storm
D:5:      enter_ossuary_3, minmay_door_square
D:6:      lemuel_coloured_pillars_altar
Temple:   regret_index_temple_sphere_string
Ossuary:  ossuary_tomb_2

Skill      XL: |  1  2  3  4  5  6  7  8 |
---------------+-------------------------+-----
Fighting       | 1 |  1.0
Earth Magic    | 3 4 5 6 7 |  7.4
Stealth        | 3 4 |  4.0
Unarmed Combat | 1 2 3 4 |  4.0
Spellcasting   | 3 4 5 |  5.2
Dodging        | 3 |  3.4
Transmutations | |  1.1

Action                   |  1- 3 |  4- 6 |  7- 9 || total
-------------------------+-------+-------+-------++-------
Melee: Unarmed           |    19 |   146 |   171 ||   336
       Bite              |     2 |    15 |    13 ||    30
       Punch             |       |       |     2 ||     2
 Cast: Sandblast         |    14 |    48 |    49 ||   111
       Petrify           |       |       |    14 ||    14
       Passwall          |       |       |     5 ||     5
       Lee's Rapid Decon |       |       |     6 ||     6
       Stone Arrow       |       |       |     1 ||     1
Invok: Curse Item        |       |     1 |       ||     1
  Use: Potion            |       |       |     1 ||     1
 Stab: Sleeping          |     1 |     8 |    13 ||    22
       Distracted        |       |     1 |     1 ||     2
       Petrified         |       |       |    12 ||    12
       Petrifying        |       |       |     1 ||     1
  Eat: Chunk             |     3 |     9 |     9 ||    21
Armor: Skin              |     1 |     7 |     8 ||    16
Dodge: Dodged            |    17 |   131 |   130 ||   278

Table legend:
 A = Non-vault XP
 B = Vault XP
 C = Vault XP percentage of total XP
 D = Non-vault monster count
 E = Vault monster count
 F = Vault count percentage of total count
                 A         B        C        D         E       F
            +---------+---------+-------+---------+---------+-------
      Total |    1496 |     606 |  28.8 |     100 |      32 |  24.2
            +---------+---------+-------+---------+---------+-------
        D:1 |      48 |       0 |   0.0 |      28 |       0 |   0.0
        D:2 |     103 |      74 |  41.8 |       9 |       2 |  18.2
        D:3 |     301 |     224 |  42.7 |      37 |       3 |   7.5
        D:4 |     286 |       0 |   0.0 |       3 |       0 |   0.0
        D:5 |     429 |       0 |   0.0 |      11 |       0 |   0.0
        D:6 |     329 |       0 |   0.0 |      12 |       0 |   0.0
    Ossuary |       0 |     308 | 100.0 |       0 |      27 | 100.0
            +---------+---------+-------+---------+---------+-------
